[Event "European Amateur-ch U2000 2019"]
[Site "Rhodes"]
[Date "2019.04.10"]
[Round "5.5"]
[White "Nagy, Laszlo Bence"]
[Black "Minko, Olga"]
[Result "1/2-1/2"]
[ECO "D27"]
[WhiteElo "1978"]
[BlackElo "1833"]
[Annotator "NA"]
[PlyCount "141"]
[EventDate "2019.04.06"]
[EventType "swiss"]
[EventCountry "GRE"]
[SourceTitle "playchess.com"]
[Source "ChessBase"]
[SourceQuality "1"]
[TimeControl "40/5400+30:1800+30"]

1. d4 d5 2. c4 dxc4 3. Nf3 Nf6 4. e3 e6 5. Bxc4 a6 6. a4 c5 7. O-O Nc6 8. Nc3 cxd4 9. exd4 Nb4 10. Bg5 Be7 11. Bxf6 {[%emt 0:29:24] D27: Queen's Gambit Accepted: Classical main line: 7 e4!? and 7 a4} (11. Qb3 Nc6 12. Rad1 Nd5 13. Bxd5 Bxg5 14. Be4 Na5 15. Qc2 f5 16. Nxg5 Qxg5 17. Bf3 O-O 18. Qe2 Qf6 {0-1 (57) Li,B (2333)-Varga,Z (2470) Balatonlelle 2018}) 11... Bxf6 12. d5 $146 ({Predecessor:} 12. Qb3 Be7 13. d5 Nxd5 14. Nxd5 exd5 15. Bxd5 f6 16. Rfe1 Kf8 17. Rad1 Qa5 18. Rxe7 Kxe7 19. Qa3+ Kd8 20. Bxb7+ Bd7 21. Bxa8 Qc7 22. Be4 Kc8 23. Qe3 Kb8 24. Rc1 Qa5 25. Qf4+ {1-0 (25) Pektas,G (1602)-Hakkakifard,P Istanbul 2018}) 12... Nxd5 (12... Bxc3 $5 13. bxc3 Nxd5 $11) 13. Nxd5 exd5 14. Re1+ Be7 15. Bxd5 O-O 16. Qb3 Bd6 17. Rad1 Qf6 18. Bxf7+ Qxf7 19. Qxf7+ Rxf7 20. Rxd6 Bg4 21. Ng5 $16 Rc7 22. f3 Bf5 23. Red1 Rcc8 24. a5 h6 25. Ne6 Bxe6 26. Rxe6 Rc5 27. b4 Rb5 28. Rb6 Rxb6 29. axb6 Rc8 30. Rd7 Rc4 31. Rxb7 Rxb4 32. Kf2 a5 33. g4 a4 34. h4 a3 35. h5 a2 36. Ra7 Rxb6 37. Rxa2 Rb3 38. Ra5 Rb6 39. Kg3 Rf6 40. Ra4 Kh7 41. Rf4 Rb6 42. Rf7 Kg8 43. Rf5 Kh7 44. Re5 Rf6 45. Kf2 Rb6 46. Ke3 Rb4 47. Re4 Rb5 48. Kf4 Rc5 49. Re5 Rc4+ 50. Kf5 Rc7 51. f4 Rf7+ 52. Ke4 Ra7 53. Re6 Rf7 54. Re8 Rf6 55. Re7 Rb6 56. g5 hxg5 57. fxg5 Rb5 58. Kf4 Rb4+ 59. Kf5 Rb5+ 60. Re5 Rb6 61. Kf4 Rb4+ 62. Re4 Rb6 63. Kg4 Ra6 64. Rb4 Rc6 65. Rb8 Rc4+ 66. Kf5 Rc5+ 67. Kf4 Rc4+ 68. Kf3 Rc5 69. Kf4 Rc4+ 70. Ke3 Rc5 71. Ke4 1/2-1/2

[Event "European Amateur-ch U2000 2019"]
[Site "Rhodes"]
[Date "2019.04.10"]
[Round "5.6"]
[White "Krzysztynska, Anna"]
[Black "Zielinski, Olgierd"]
[Result "0-1"]
[ECO "B22"]
[WhiteElo "1844"]
[BlackElo "1850"]
[Annotator "NA"]
[PlyCount "118"]
[EventDate "2019.04.06"]
[EventType "swiss"]
[EventCountry "GRE"]
[SourceTitle "playchess.com"]
[Source "ChessBase"]
[SourceQuality "1"]
[TimeControl "40/5400+30:1800+30"]

1. e4 c5 2. c3 d5 3. exd5 Qxd5 4. d4 Nc6 5. Nf3 Bf5 6. Be3 cxd4 7. cxd4 Bxb1 8. Qxb1 e5 9. a3 exd4 10. Bd2 Nf6 11. Be2 Be7 12. O-O O-O 13. Qd3 Rad8 14. Rfe1 $15 Ne4 15. Bf4 Nc5 16. Qd1 d3 17. Bf1 Bf6 18. Rb1 Rfe8 19. Rxe8+ Rxe8 20. Be3 Rd8 21. Bxc5 Qxc5 22. Bxd3 Bxb2 23. Rxb2 Rxd3 24. Qxd3 Qc1+ 25. Ne1 Qxb2 26. g3 g6 27. Nf3 Kg7 28. Kg2 a5 29. a4 Qb4 30. Qd1 Qe4 31. Qa1+ Kg8 32. Qa3 Ne5 33. Qe3 Qxe3 34. fxe3 Nc4 35. Nd4 Nxe3+ 36. Kf3 Nd5 37. Nb3 b6 38. Nd2 Nc3 39. Nc4 Nxa4 40. Ke3 Kg7 41. Kd4 Kf6 42. Kd5 Kg5 43. Kc6 Kg4 44. Kb5 Nc3+ 45. Kxb6 a4 46. Kc5 Kh3 47. Kb4 Nd5+ 48. Kxa4 Kxh2 49. g4 Kg3 50. Kb3 f6 51. g5 fxg5 52. Ne5 Nf4 53. Kc2 h5 54. Kd1 h4 55. Ke1 Kg2 56. Ng4 h3 57. Ne3+ Kg1 58. Nd1 h2 59. Nf2 Nd3+ 0-1

[Event "European Amateur-ch U2000 2019"]
[Site "Rhodes"]
[Date "2019.04.10"]
[Round "5.7"]
[White "Petukhov, Igor"]
[Black "Boesch, Heinz"]
[Result "1-0"]
[ECO "B31"]
[WhiteElo "1819"]
[BlackElo "1929"]
[Annotator "NA"]
[PlyCount "91"]
[EventDate "2019.04.06"]
[EventType "swiss"]
[EventCountry "GRE"]
[SourceTitle "playchess.com"]
[Source "ChessBase"]
[SourceQuality "1"]
[TimeControl "40/5400+30:1800+30"]

1. e4 c5 2. Nf3 Nc6 3. Bb5 g6 4. Bxc6 dxc6 5. d3 Bg7 6. h3 e5 7. Nc3 Ne7 8. Be3 b6 9. Qd2 {[%emt 0:02:23] B31: Sicilian: 2...Nc6 3 Bb5 g6} Qd6 (9... h6 10. a3 a5 11. Nh2 Be6 12. O-O g5 13. Ne2 O-O 14. Ng3 a4 15. Nh5 f6 16. Rfd1 Qe8 {1-0 (41) Ivanchuk,V (2766)-Radjabov,T (2793) Beijing 2012}) 10. Bh6 Bxh6 11. Qxh6 Be6 $146 (11... f6 $14) ({Predecessor:} 11... Qf6 12. Nd2 Be6 13. Qe3 g5 14. g3 h5 15. O-O-O O-O-O 16. Rdf1 Ng6 {0-1 (69) Muniz,R (2276)-Sosa Macho,J (2157) Montevideo 2013}) 12. Qg7 O-O-O 13. Qxe5 Qxe5 14. Nxe5 f6 15. Nf3 Rhe8 16. O-O-O Kc7 17. Rhe1 b5 18. a4 b4 19. Ne2 b3 20. c4 Rb8 (20... g5 $16 {is a better defense.}) 21. g4 a5 22. Nc3 $16 Nc8 23. g5 Bxh3 24. gxf6 Bg4 25. Re3 Bxf3 26. Rxf3 Rf8 27. e5 Ne7 28. Rh3 Nf5 29. Rxh7+ Kb6 30. Ne4 Rbe8 31. f4 Nd4 32. Kd2 Ne6 33. Ke3 g5 34. Nxg5 Nxg5 35. fxg5 Rxe5+ 36. Kf4 Re2 37. Kg3 Rxb2 38. Rh2 Rxh2 39. Kxh2 Kc7 40. Rb1 Kd6 41. Rxb3 Ke5 42. Rb7 Kf5 43. Rg7 Rh8+ 44. Kg3 Rd8 45. f7 Rf8 46. g6 1-0

[Event "European Amateur-ch U2000 2019"]
[Site "Rhodes"]
[Date "2019.04.10"]
[Round "5.8"]
[White "Mohnblatt, Nicolas"]
[Black "Mohnblatt, Daniel"]
[Result "1/2-1/2"]
[ECO "C01"]
[WhiteElo "1685"]
[BlackElo "1708"]
[Annotator "NA"]
[PlyCount "38"]
[EventDate "2019.04.06"]
[EventType "swiss"]
[EventCountry "GRE"]
[SourceTitle "playchess.com"]
[Source "ChessBase"]
[SourceQuality "1"]
[TimeControl "40/5400+30:1800+30"]

1. c4 e6 2. e4 d5 3. exd5 exd5 4. d4 Nf6 5. Nc3 c6 6. Bg5 Be7 7. Bd3 Nbd7 8. Nge2 O-O 9. O-O dxc4 10. Bxc4 Nb6 11. Bd3 Nbd5 12. a3 Bg4 13. Qc2 Bh5 14. Bxf6 Nxf6 15. Nf4 Bg6 16. Bxg6 hxg6 17. Qb3 Qb6 18. Qxb6 axb6 19. d5 Bd6 1/2-1/2

[Event "European Amateur-ch U2000 2019"]
[Site "Rhodes"]
[Date "2019.04.11"]
[Round "6.1"]
[White "Demirbas, Emre"]
[Black "Ruzic, Pia Marie"]
[Result "1-0"]
[ECO "D20"]
[WhiteElo "1960"]
[BlackElo "1800"]
[Annotator "NA"]
[PlyCount "35"]
[EventDate "2019.04.06"]
[EventType "swiss"]
[EventCountry "GRE"]
[SourceTitle "playchess.com"]
[Source "ChessBase"]
[SourceQuality "1"]
[TimeControl "40/5400+30:1800+30"]

1. e4 e6 2. d4 d5 3. exd5 exd5 4. Nf3 Bd6 5. c4 dxc4 6. Bxc4 Ne7 7. Ng5 Bb4+ 8. Nc3 Nd5 9. Qe2+ Kf8 10. O-O ({Not} 10. Bxd5 Qxd5 11. O-O Qf5 $16) 10... c6 11. Nxd5 cxd5 12. Qf3 f6 13. Bxd5 Bg4 $18 (13... Nc6 $142 14. Nf7 Nxd4) 14. Qxg4 Qxd5 15. Qc8+ Ke7 16. Qxh8 fxg5 17. Qxg7+ Qf7 18. Bxg5+ {[%emt 0:00:07] Ba3 [%clk 00:52:51] [%emt 00:00:13]} 1-0

[Event "European Amateur-ch U2000 2019"]
[Site "Rhodes"]
[Date "2019.04.11"]
[Round "6.2"]
[White "Jamba, Alexandru"]
[Black "Flis, Pawel"]
[Result "0-1"]
[ECO "A25"]
[WhiteElo "1852"]
[BlackElo "1903"]
[Annotator "NA"]
[PlyCount "69"]
[EventDate "2019.04.06"]
[EventType "swiss"]
[EventCountry "GRE"]
[SourceTitle "playchess.com"]
[Source "ChessBase"]
[SourceQuality "1"]
[TimeControl "40/5400+30:1800+30"]

1. c4 e5 2. Nc3 Nc6 3. g3 g6 4. Bg2 Bg7 5. e3 Nge7 6. Nge2 d6 7. O-O O-O 8. b3 Be6 9. d4 exd4 10. exd4 d5 11. Nf4 Bxd4 12. Nxe6 fxe6 13. Qe1 Qd7 14. Bh6 Bg7 15. Bxg7 Kxg7 16. cxd5 exd5 17. Rd1 $14 d4 18. Ne4 Qf5 19. Qd2 Rad8 20. Ng5 h6 21. Nf3 Kh7 22. Rfe1 Rf7 23. Nh4 Qf6 24. Bh3 Qg5 25. f4 Qa5 26. Qf2 Nf5 27. Bxf5 gxf5 28. Qf3 Rf6 29. Qh5 d3 30. Re6 Qc5+ 31. Kf1 Qd5 32. Rxf6 Qh1+ 33. Kf2 Qxh2+ 34. Ke3 Re8+ {[%emt 0:00:56] Kd4 [%emt 00:00:24] Rd8+ Ke3 [%emt 00:00:18] Re8+} 35. Kxd3 0-1

[Event "European Amateur-ch U2000 2019"]
[Site "Rhodes"]
[Date "2019.04.11"]
[Round "6.3"]
[White "Mihalache, Paul-Stelian"]
[Black "Frontzos, Ioannis"]
[Result "1-0"]
[ECO "D37"]
[WhiteElo "1830"]
[BlackElo "1504"]
[Annotator "NA"]
[PlyCount "63"]
[EventDate "2019.04.06"]
[EventType "swiss"]
[EventCountry "GRE"]
[SourceTitle "playchess.com"]
[Source "ChessBase"]
[SourceQuality "1"]
[TimeControl "40/5400+30:1800+30"]

1. d4 d5 2. Nf3 Nf6 3. c4 e6 4. Nc3 Be7 5. Bf4 O-O 6. e3 c6 7. h3 Nbd7 8. c5 b6 9. b4 bxc5 10. bxc5 Qa5 11. Qd2 Ba6 12. Bxa6 Qxa6 13. Rb1 Ne4 14. Nxe4 dxe4 15. Ne5 Nxe5 16. Bxe5 Rfd8 17. Qc2 Rd5 18. Qxe4 Rad8 19. Qc2 Bxc5 20. e4 Rxd4 21. Bxd4 Bxd4 22. Qe2 Qa5+ 23. Kf1 c5 24. g3 Bc3 25. Kg2 g6 26. Rhd1 Rxd1 27. Rxd1 Qb6 28. Rd7 Bd4 29. Qf3 f6 30. e5 Bxe5 31. Qa8+ Bb8 32. Rb7 1-0

[Event "European Amateur-ch U2000 2019"]
[Site "Rhodes"]
[Date "2019.04.11"]
[Round "6.4"]
[White "Zielinski, Olgierd"]
[Black "Kostov, Deyan Samuil"]
[Result "0-1"]
[ECO "B53"]
[WhiteElo "1850"]
[BlackElo "1830"]
[Annotator "NA"]
[PlyCount "90"]
[EventDate "2019.04.06"]
[EventType "swiss"]
[EventCountry "GRE"]
[SourceTitle "playchess.com"]
[Source "ChessBase"]
[SourceQuality "1"]
[TimeControl "40/5400+30:1800+30"]

1. e4 c5 2. Nf3 d6 3. d4 Nf6 4. Nc3 cxd4 5. Qxd4 Nc6 6. Bb5 Bd7 7. Bxc6 Bxc6 8. Bg5 e5 9. Qd3 Be7 10. Bxf6 Bxf6 11. O-O-O Be7 12. Nd5 Bxd5 $11 13. Qxd5 Qb6 14. Rd2 O-O 15. h4 Rac8 16. Qb3 Qa6 17. Kb1 Rc5 18. Qd3 Qc6 19. g4 b5 20. Rhd1 b4 21. Qe2 Rc8 22. g5 Qa4 23. b3 Qa3 24. Ne1 Ra5 25. c4 bxc3 26. Rc2 Rac5 27. Nd3 R5c6 28. Nc1 Qb4 29. Rd5 Rb8 30. Nd3 Qb6 31. Qe1 Rbc8 32. Qc1 a5 33. Qa3 Rc4 34. Rxa5 Rxe4 35. Ra8 Rec4 36. Rxc8+ Rxc8 37. Nxe5 Qd4 38. Nc6 Qd1+ 39. Rc1 c2+ 40. Kb2 Bf8 41. Qa6 Re8 42. Rxc2 g6 43. Nb4 Qd4+ 44. Ka3 d5 45. Qb7 Bxb4+ 0-1

[Event "European Amateur-ch U2000 2019"]
[Site "Rhodes"]
[Date "2019.04.11"]
[Round "6.5"]
[White "Bozinovic, Boban"]
[Black "Petukhov, Igor"]
[Result "1-0"]
[ECO "C45"]
[WhiteElo "1950"]
[BlackElo "1819"]
[Annotator "NA"]
[PlyCount "68"]
[EventDate "2019.04.06"]
[EventType "swiss"]
[EventCountry "GRE"]
[SourceTitle "playchess.com"]
[Source "ChessBase"]
[SourceQuality "1"]
[TimeControl "40/5400+30:1800+30"]

1. e4 e5 2. Nf3 Nc6 3. d4 exd4 4. Nxd4 Bc5 5. Nxc6 Qf6 6. Qd2 Qxc6 7. Nc3 Nf6 8. Bd3 O-O 9. O-O Bb4 10. a3 Bxc3 $1 11. bxc3 (11. Qxc3 $11 Qxc3 12. bxc3) 11... Nxe4 12. Qe3 d5 13. c4 Nf6 ({Better is} 13... Bf5 $17 14. cxd5 Qxd5) 14. cxd5 Nxd5 15. Qd4 Qc3 $11 ({Black should play} 15... Qf6 $15 16. Qxf6 Nxf6) 16. Qxd5 Qxa1 17. Qe4 f5 18. Qc4+ Kh8 19. c3 Re8 20. Qxc7 Qa2 21. Bc4 Qc2 22. Qf7 Be6 23. Bxe6 Qxc3 24. Be3 Qe5 25. Ba2 Rf8 26. Qd5 Qe7 27. Bc5 Qf6 28. Bxf8 Rxf8 29. Qxb7 f4 30. Qxa7 f3 31. Bd5 fxg2 32. Bxg2 h5 33. Qc5 g5 34. Re1 Kh7 1-0

[Event "European Amateur-ch U2000 2019"]
[Site "Rhodes"]
[Date "2019.04.11"]
[Round "6.6"]
[White "Minko, Olga"]
[Black "Suliborski, Artur"]
[Result "0-1"]
[ECO "B13"]
[WhiteElo "1833"]
[BlackElo "1926"]
[Annotator "NA"]
[PlyCount "62"]
[EventDate "2019.04.06"]
[EventType "swiss"]
[EventCountry "GRE"]
[SourceTitle "playchess.com"]
[Source "ChessBase"]
[SourceQuality "1"]
[TimeControl "40/5400+30:1800+30"]

1. e4 c6 2. d4 d5 3. exd5 cxd5 4. Bd3 Nc6 5. c3 g6 6. h3 Nh6 7. Bf4 Nf5 8. Nf3 Bg7 9. Qe2 O-O 10. O-O Re8 11. g4 Nd6 (11... e5 $5 12. dxe5 Nh4 $11) 12. Ne5 (12. Rd1 $11 {keeps the balance.}) 12... f6 13. Nxc6 bxc6 14. f3 e5 15. dxe5 fxe5 16. Bg3 Rb8 17. Kh1 Bb7 18. Nd2 Ba8 $11 19. Rab1 Kh8 20. Qf2 Qa5 21. a3 c5 22. b4 cxb4 23. axb4 Qc7 24. Rbc1 e4 25. Qh2 Rbd8 26. Be2 Qb6 27. Nb3 Nb5 28. c4 dxc4 29. Nc5 Rd2 30. Nxe4 Rxe4 31. Bf2 Rexe2 0-1

[Event "European Amateur-ch U2000 2019"]
[Site "Rhodes"]
[Date "2019.04.11"]
[Round "6.7"]
[White "Mohnblatt, Daniel"]
[Black "Zakharov, Denis"]
[Result "0-1"]
[ECO "A41"]
[WhiteElo "1708"]
[BlackElo "1889"]
[Annotator "NA"]
[PlyCount "108"]
[EventDate "2019.04.06"]
[EventType "swiss"]
[EventCountry "GRE"]
[SourceTitle "playchess.com"]
[Source "ChessBase"]
[SourceQuality "1"]
[TimeControl "40/5400+30:1800+30"]

1. d4 d6 2. c4 e5 3. dxe5 dxe5 4. Qxd8+ Kxd8 5. e4 c6 6. Nf3 f6 7. Nc3 Be6 8. a3 {[%emt 0:00:28] A41: 1 d4 d6: Tartakower System and Modern Defence} (8. Be3 Nd7 9. Be2 Ne7 10. O-O-O Nc8 11. Na4 Kc7 12. Nd2 Ncb6 13. Nxb6 axb6 14. a3 Bc5 15. Kc2 Rhd8 16. Nb1 {0-1 (44) Crisan,A (2635)-Macieja,B (2588) Portoroz 2001}) 8... a5 9. Be3 Kc7 10. Rc1 a4 11. Be2 (11. Nd5+ $1 $16 Bxd5 12. cxd5) 11... Nd7 12. O-O Bc5 $146 ({Predecessor:} 12... b6 13. Rfd1 Bc5 14. Bxc5 Nxc5 {½-½ (44) Janos,J-Ivanov,V (2450) Martin 1996}) 13. Nd5+ Kb8 14. Bxc5 Nxc5 15. Nc3 Ne7 16. Rfd1 Nc8 17. Ne1 Nb6 18. f3 Nb3 19. Rc2 Bxc4 20. Bxc4 Nxc4 21. Rd7 Nd4 22. Rf2 Rg8 23. Nd3 Ra5 $2 (23... Kc8 $19 {is more deadly.} 24. Re7 Nd6 25. Nxe5 fxe5 26. Rxe5 Rd8) 24. f4 Nb5 25. fxe5 Nxc3 26. bxc3 Nxe5 27. Nxe5 Rxe5 28. Rb2 b5 29. Rb4 ({White should try} 29. c4 $15) 29... Rc5 30. Rd3 Kc7 31. Rbd4 Kb6 32. Kf2 Re8 33. Kf3 Re7 $19 34. g4 Rce5 35. c4 Rc5 36. cxb5 cxb5 37. h4 Rec7 38. Kf4 Rc3 39. g5 Rxd3 40. Rxd3 Kc5 41. gxf6 gxf6 42. Kf5 Re7 43. h5 Re5+ 44. Kxf6 Rxe4 45. Rd7 h6 46. Kg7 Re6 47. Rd8 Re3 48. Kxh6 Rxa3 49. Rc8+ Kb4 50. Kh7 Rh3 51. h6 a3 52. Kg6 a2 53. Ra8 Kb3 54. Ra5 b4 0-1

[Event "European Amateur-ch U2000 2019"]
[Site "Rhodes"]
[Date "2019.04.11"]
[Round "6.8"]
[White "Mohnblatt, Nicolas"]
[Black "Krzysztynska, Anna"]
[Result "0-1"]
[ECO "A24"]
[WhiteElo "1685"]
[BlackElo "1844"]
[Annotator "NA"]
[PlyCount "118"]
[EventDate "2019.04.06"]
[EventType "swiss"]
[EventCountry "GRE"]
[SourceTitle "playchess.com"]
[Source "ChessBase"]
[SourceQuality "1"]
[TimeControl "40/5400+30:1800+30"]

1. c4 Nf6 2. Nc3 g6 3. g3 Bg7 4. Bg2 O-O 5. d3 d6 6. Nf3 e5 7. e4 Nc6 8. h3 Ne7 9. O-O c6 10. d4 Nd7 11. dxe5 Nxe5 12. Nxe5 dxe5 13. Qe2 Be6 14. Rb1 f5 15. f4 Qd4+ 16. Be3 Qxc4 17. Qxc4 Bxc4 18. Rfd1 exf4 19. Bxf4 Rad8 20. Bg5 Kf7 21. Rxd8 Rxd8 22. exf5 gxf5 23. b3 Be6 24. Na4 b5 25. Nb2 Bxb2 26. Rxb2 Rd1+ 27. Kf2 Bd5 28. Bf1 Nc8 29. Bd2 Nd6 30. Bf4 Ne4+ 31. Ke2 Ra1 32. Rc2 Rxa2 33. Rxa2 Nc3+ 34. Kd2 Nxa2 35. Kc2 Be4+ 36. Kd2 Nb4 37. Bd6 Nd5 38. b4 Ke6 39. Bc5 a6 40. Be2 Nf6 41. Bd1 Bg2 42. Bb3+ Ke5 43. Ke3 Nd5+ 44. Bxd5 Kxd5 45. h4 a5 46. Kd3 axb4 47. Bxb4 c5 48. Bd2 Be4+ 49. Kc3 b4+ 50. Kb3 Kd4 51. Bg5 Bd5+ 52. Kc2 c4 53. Be7 Be4+ 54. Kc1 Kc3 55. Bf6+ Kb3 56. Kd2 c3+ 57. Kc1 Kc4 58. Be7 b3 59. Ba3 b2+ 0-1

[Event "European Amateur-ch U2000 2019"]
[Site "Rhodes"]
[Date "2019.04.11"]
[Round "6.9"]
[White "Boesch, Heinz"]
[Black "Zanfir, Iulian"]
[Result "1-0"]
[ECO "B10"]
[WhiteElo "1929"]
[BlackElo "1699"]
[Annotator "NA"]
[PlyCount "141"]
[EventDate "2019.04.06"]
[EventType "swiss"]
[EventCountry "GRE"]
[SourceTitle "playchess.com"]
[Source "ChessBase"]
[SourceQuality "1"]
[TimeControl "40/5400+30:1800+30"]

1. Nf3 d5 2. d3 Nf6 3. Nbd2 c6 4. e4 Bg4 5. h3 Bh5 6. e5 Nfd7 7. Be2 e6 8. O-O c5 9. Nh2 Bxe2 10. Qxe2 Nc6 11. f4 Nd4 12. Qd1 Qb6 13. c3 Nf5 14. Ndf3 h5 15. Re1 c4+ $11 16. d4 Be7 17. Bd2 a5 18. b3 Qc6 19. bxc4 Qxc4 20. Qb3 b5 21. Qxc4 bxc4 22. Rab1 Ba3 23. Rb7 Ke7 24. Nf1 g6 25. Kf2 Rhb8 26. Reb1 Ke8 27. g4 hxg4 28. hxg4 Ne7 29. Ne3 Rxb7 30. Rxb7 Rb8 31. Rxb8+ Nxb8 32. Nh4 Ng8 33. f5 gxf5 34. gxf5 exf5 35. Nxd5 Ne7 36. Nb6 Nec6 37. Nxf5 Nd7 38. Nxc4 Bf8 39. Ncd6+ Bxd6 40. Nxd6+ Ke7 41. Ne4 f6 42. exf6+ Ke6 43. Bg5 Kf5 44. Ke3 Nd8 45. c4 Nf7 46. Bh4 Nb6 47. Kd3 Na4 48. Ng5 Kxf6 49. Nxf7+ Kxf7 50. Bd8 Nb2+ 51. Kc3 Nd1+ 52. Kc2 Ne3+ 53. Kd3 Nf5 54. Bxa5 Ke6 55. Bb4 Kd7 56. Ke4 Ng7 57. d5 Ne8 58. c5 Nc7 59. Ke5 Na6 60. a3 Nb8 61. Kd4 Na6 62. Kc4 Nb8 63. Kb5 Kc7 64. Be1 Kb7 65. Bg3 Na6 66. c6+ Ka8 67. Bf4 Ka7 68. Be3+ Ka8 69. Kxa6 Kb8 70. d6 Kc8 71. Kb6 1-0

[Event "European Amateur-ch U2000 2019"]
[Site "Rhodes"]
[Date "2019.04.12"]
[Round "7.1"]
[White "Mihalache, Paul-Stelian"]
[Black "Demirbas, Emre"]
[Result "0-1"]
[ECO "B91"]
[WhiteElo "1830"]
[BlackElo "1960"]
[Annotator "NA"]
[PlyCount "96"]
[EventDate "2019.04.06"]
[EventType "swiss"]
[EventCountry "GRE"]
[SourceTitle "playchess.com"]
[Source "ChessBase"]
[SourceQuality "1"]
[TimeControl "40/5400+30:1800+30"]

1. e4 c5 2. Nf3 d6 3. d4 cxd4 4. Nxd4 Nf6 5. Nc3 a6 6. g3 e5 7. Nde2 b5 8. Bg2 Bb7 9. Bg5 Be7 {[%emt 0:01:26] B91: Sicilian Najdorf: 6 g3} (9... Nbd7 10. Nd5 Be7 11. Bxf6 Nxf6 12. Nec3 Rc8 {½-½ (12) Krejci,J (2519)-Cernousek,L (2464) Ceske Budejovice 2017}) 10. Bxf6 Bxf6 11. Nd5 Nd7 12. a4 $146 ({Predecessor:} 12. Nec3 O-O 13. a4 Bxd5 14. Nxd5 bxa4 15. Rxa4 Nc5 16. Ra3 a5 {0-1 (55) Diaz Herrero,A (1906)-Rubio Mejia,L (2116) Benidorm 2006}) 12... Nb6 13. Nxf6+ gxf6 14. axb5 axb5 15. Rxa8 Bxa8 16. Qd3 Qd7 17. O-O Ke7 (17... Na4 $142) 18. f4 Rd8 19. fxe5 dxe5 20. Qf3 $11 Qd6 21. Nc3 b4 22. Nd1 Nc4 23. Re1 Nd2 24. Qg4 Qd4+ 25. Kh1 Nxe4 26. Qe2 Qxd1 27. Rxd1 Rxd1+ 28. Qxd1 Nf2+ 29. Kg1 Nxd1 30. Bxa8 Nxb2 31. Kf2 f5 32. Bc6 Kd6 33. Bb5 Nd1+ 34. Ke1 Ne3 35. Kd2 Kc5 36. Bd3 Kd4 37. Bb5 Nc4+ 38. Kc1 e4 39. Kd1 Nd6 40. Bd7 Ke3 41. Ke1 f4 42. gxf4 f5 43. Be6 Kxf4 44. Kf2 Ke5 45. Bg8 h6 46. Ke2 f4 47. h3 Nf5 48. Kf2 Nd4 0-1

[Event "European Amateur-ch U2000 2019"]
[Site "Rhodes"]
[Date "2019.04.12"]
[Round "7.2"]
[White "Ruzic, Pia Marie"]
[Black "Suliborski, Artur"]
[Result "1-0"]
[ECO "A34"]
[WhiteElo "1800"]
[BlackElo "1926"]
[Annotator "NA"]
[PlyCount "89"]
[EventDate "2019.04.06"]
[EventType "swiss"]
[EventCountry "GRE"]
[SourceTitle "playchess.com"]
[Source "ChessBase"]
[SourceQuality "1"]
[TimeControl "40/5400+30:1800+30"]

1. Nf3 c5 2. c4 Nf6 3. Nc3 Nc6 4. g3 d5 5. cxd5 Nxd5 6. Bg2 Nc7 7. O-O e5 8. d3 Be7 9. b3 O-O 10. Bb2 Rb8 {[%emt 0:05:29] A34: Symmetrical English: 2 Nc3, lines with ...d5} (10... Be6 11. Rc1 f6 12. e3 Qd7 13. Qe2 Rfd8 14. Rfd1 Rac8 15. Ne4 Na6 16. Rd2 Kh8 17. Rcd1 Bg4 18. Qf1 f5 19. Nc3 Bf6 {0-1 (36) Iturrizaga Bonelli,E (2636)-Vidit,S (2711) chess.com INT 2018}) 11. Rc1 f6 12. a3 $146 ({Predecessor:} 12. Ne4 b6 13. a3 Bb7 14. Qc2 Nd5 15. e3 Kh8 16. Rfd1 {1-0 (31) Zavarce,O (2378)-Mc Intosh,I (2145) Port of Spain 2017}) 12... Qe8 13. Ne4 Ne6 14. Nfd2 Qh5 15. e3 Qxd1 16. Rfxd1 Rd8 17. Bf1 Bd7 18. Nc4 Be8 19. Bc3 Bf7 20. Na5 Rd7 21. Be2 $15 g6 22. Nxc6 bxc6 23. b4 cxb4 24. Bxb4 f5 25. Bxe7 fxe4 26. Bb4 exd3 27. Rxd3 Rxd3 28. Bxd3 c5 29. Bc3 Rb3 30. a4 Ng5 31. h4 c4 32. Bb1 Ne6 33. Ba2 Ra3 34. Bxc4 Rxa4 35. Bxe5 Ra5 36. Bd6 Kg7 37. Bb4 Ra4 38. Bc3+ Kh6 39. Bf6 a5 40. g4 Rb4 41. g5+ Kh5 42. Be2+ Kxh4 43. Kg2 Nf4+ 44. exf4 Bd5+ 45. f3 1-0

[Event "European Amateur-ch U2000 2019"]
[Site "Rhodes"]
[Date "2019.04.12"]
[Round "7.3"]
[White "Kostov, Deyan Samuil"]
[Black "Jamba, Alexandru"]
[Result "1-0"]
[ECO "B22"]
[WhiteElo "1830"]
[BlackElo "1852"]
[Annotator "NA"]
[PlyCount "80"]
[EventDate "2019.04.06"]
[EventType "swiss"]
[EventCountry "GRE"]
[SourceTitle "playchess.com"]
[Source "ChessBase"]
[SourceQuality "1"]
[TimeControl "40/5400+30:1800+30"]

1. e4 c5 2. Nf3 Nc6 3. c3 d5 4. exd5 Qxd5 5. d4 e5 6. Nxe5 {[%emt 0:11:19] B22: Sicilian: 2 c3} Nxe5 7. dxe5 {[%emt 0:00:03] LiveBook: 84 Games} Qxd1+ (7... Qxe5+ 8. Be3 Nf6 9. Bb5+ Bd7 10. Bxd7+ Nxd7 11. Nd2 O-O-O 12. O-O Bd6 13. Nf3 Qe7 14. Re1 Ne5 15. Bf4 Nxf3+ 16. Qxf3 {0-1 (36) Ye,J (2632)-Zhang,P (2657) China 2007}) 8. Kxd1 Bg4+ 9. f3 O-O-O+ 10. Ke1 Be6 11. Be3 f6 12. Nd2 fxe5 13. Ne4 b6 $146 ({Predecessor:} 13... Nf6 14. Nxc5 Bxc5 15. Bxc5 {1-0 (21) Macek,K (1930)-Lacina,F Usti nad Orlici 2006}) 14. Ng5 Bd5 15. c4 h6 $1 16. cxd5 hxg5 17. Bxg5 Rxd5 18. Bc4 Rd4 19. Bxg8 Rxg8 20. Be3 Rb4 21. b3 Be7 $11 22. Ke2 e4 23. f4 Bf6 24. Rac1 Rd8 25. Rhd1 Rxd1 26. Kxd1 Kd7 27. Ke2 Kc6 28. g4 a5 29. g5 Bd4 30. Bd2 Rb5 31. Rc4 Kd5 32. h4 g6 33. f5 gxf5 34. g6 Ke6 35. h5 Kf6 36. Bc3 f4 37. Rxd4 cxd4 38. Bxd4+ Ke7 39. h6 Rh5 40. h7 e3 {Kxe3} 1-0